cohdb
Replays
Latest Replays
All Replays
Popular Replays
Top Player Replays
Match Explorer
How It Works
Community
CoH3 Stats
Reddit
Sign in to upload your games and track your stats! →
Sign in with Steam
Match 42014018
Unlisted
Match 42014018
Overview
Messages
Build Orders
End
Royal Engineer Section
Construct Section Command Post
Infantry Section
Infantry Section
Infantry Section
Construct Field Infirmary
Construct Platoon Command Post
Humber Armored Car
Selects Heavy Armor Battlegroup
Selects Engineer Detachments
Royal Engineer Section
Royal Engineer Section
Infantry Training
6-pounder Anti-tank Gun Team
Vickers Machine Gun Team
ML 3-inch Mortar Team
HulkSMASH
⚓️Ruby⚓
0
0
Comments
sign in to comment!
No comments posted yet!